 Dungeon Sprint DCSS version 0.17-a0-2002-g92c7e20 (webtiles) character file.

185534 Kidiri the Ninja (level 16, -2/71 (73) HPs)
             Began as a Spriggan Enchanter on Oct 8, 2015.
             Was the Champion of Dithmenos.
             Succumbed to poison (dark miasma)
             ... in the Dungeon (Sprint III: "The Ten Rune Challenge").
             The game lasted 01:37:24 (17745 turns).

Kidiri the Ninja (Spriggan Enchanter)              Turns: 17745, Time: 01:37:24

HP:   -2/71 (73)    AC: 10    Str:  6    XL:     16   Next: 32%
MP:   43/57         EV: 41    Int: 33    God:    Dithmenos [******]
Gold: 4626          SH:  8    Dex: 21    Spells: 15 memorised, 1 level left

rFire  + . .     SeeInvis +     r - +10 dagger "Dak Intam" {pierce, rElec rN+ Int+2}
rCold  . . .     Clarity  .     a - +2 robe of the Other World {Int+3 Dex+2}
rNeg   + + +     SustAt   .     b - +1 buckler of Bisus {rF+}
rPois  .         Gourm    .     p - +3 hat of Pondering {ponderous, MR+ MP+10 Int+5}
rElec  +         Spirit   +     n - +1 cloak {MR+}
rCorr  .         Warding  .     (gloves unavailable)
rMut   .         NoTele   +     (boots unavailable)
MR     +++++                    f - amulet "Dedies Javiu" {Spirit Str+2}
Stlth  ++++++++++               G - ring of Perfectionism {+Fly MR+ Int+2 SInv Stlth-}
                                z - ring of Quraz {Wiz -Tele rN+++ MP+9 Dex-2}

@: lethally poisoned (-2 -> -77), non-regenerating, badly diseased, slowed,
wreathed by umbra, deflect missiles, almost entirely resistant to hostile
enchantments, uncannily stealthy
A: unfitting armour, hooves 1, see invisible, clever 1, herbivore 3, speed 3,
low mp 1, magic resistance 1, robust 1, slow metabolism 2, spit poison 1
a: Spit Poison, Shadow Step, Shadow Form, Renounce Religion, Evoke Flight
}: 4/10 runes: serpentine, barnacled, silver, golden


You were in the Dungeon.
You worshipped Dithmenos.
Dithmenos was exalted by your worship.
You were not hungry.

You visited 1 branch You collected 5865 gold pieces.
You spent 1239 gold pieces at shops.

Inventory:

Hand Weapons
 d - a +0 dire flail
 r - the +10 dagger "Dak Intam" (weapon) {pierce, rElec rN+ Int+2}
   (You acquired it in the Dungeon)

   It inflicts extra damage upon your enemies.
   It affects your intelligence (+2).
   It insulates you from electricity.
   It protects you from negative energy.
Missiles
 I - a throwing net (quivered)
Armour
 a - the +2 robe of the Other World (worn) {Int+3 Dex+2}
   (You bought it in a shop in the Dungeon)

   It affects your intelligence (+3).
   It affects your dexterity (+2).
 b - the +1 buckler of Bisus (worn) {rF+}
   (You acquired it in the Dungeon)

   It protects you from fire.
 e - a +2 robe of positive energy
 n - a +1 cloak of magic resistance (worn)
 p - the +3 hat of Pondering (worn) {ponderous, MR+ MP+10 Int+5}
   (You took it off Gastronok in the Dungeon)

   It affects your intelligence (+5).
   It affects your resistance to hostile enchantments.
   It affects your magic capacity (+10).
Jewellery
 f - the amulet "Dedies Javiu" (around neck) {Spirit Str+2}
   (You acquired it in the Dungeon)

   [amulet of guardian spirit]

   It causes incoming damage to be split between your health and magic.
   It affects your strength (+2).
 j - the ring "Wosch" {MP+9 Int+4 Dex+2 SInv}
   (You acquired it in the Dungeon)

   [ring of dexterity]

   It affects your intelligence (+4).
   It affects your dexterity (+2).
   It affects your magic capacity (+9).
   It lets you see invisible.
 z - the ring of Quraz (left hand) {Wiz -Tele rN+++ MP+9 Dex-2}
   (You found it in the Dungeon)

   [ring of wizardry]

   It improves your spell success rate.
   It affects your dexterity (-2).
   It renders you almost immune to negative energy.
   It affects your magic capacity (+9).
   It prevents most forms of teleportation.
 G - the ring of Perfectionism (right hand) {+Fly MR+ Int+2 SInv Stlth-}
   (You acquired it in the Dungeon)

   [ring of protection from magic]

   It affects your intelligence (+2).
   It affects your resistance to hostile enchantments.
   It lets you see invisible.
   It lets you fly.
   It makes you less stealthy.
 J - an uncursed amulet of resist mutation
 U - an uncursed amulet of resist corrosion
Wands
 o - a wand of teleportation (4)
 C - a wand of heal wounds (6)
 Y - a wand of disintegration (5)
Scrolls
 c - 6 scrolls of amnesia {unknown}
 s - 6 scrolls of remove curse
 B - a scroll of torment
 F - a scroll of vulnerability {unknown}
 L - 2 scrolls of fear {unknown}
Potions
 g - 3 potions of haste
 h - a potion of magic
 q - a potion of might
 t - 4 potions of flight
 v - a potion of cure mutation
 w - 2 potions of brilliance {unknown}
 x - 2 potions of invisibility
 M - a potion of lignification {unknown}
Books
 D - a book of Air

   Spells                             Type                      Level
   a - Shock                          Conjuration/Air              1
   b - Swiftness                      Charms/Air                   2
   c - Repel Missiles                 Charms/Air                   2
   d - Static Discharge               Conjuration/Air              3
   e - Lightning Bolt                 Conjuration/Air              5
Comestibles
 i - 16 royal jellies
 u - 14 fruits


   Skills:
 * Level 20.4 Short Blades
 + Level 11.2 Armour
 * Level 25.2 Dodging
 O Level 27 Stealth
 * Level 2.7 Shields
 * Level 22.0 Spellcasting
 + Level 10.9 Conjurations
 + Level 16.4 Hexes
 + Level 8.3 Charms
 + Level 12.0 Translocations
 + Level 11.9 Ice Magic
 + Level 8.8 Air Magic
 + Level 9.8 Poison Magic
 - Level 9.9 Invocations


You had one spell level left.
You knew the following spells:

 Your Spells              Type           Power        Failure   Level  Hunger
a - Corona                Hex            #######      0%          1    None
b - Ensorcelled Hibernat  Hex/Ice        ######       0%          2    None
c - Confuse               Hex            #######.     0%          3    None
d - Tukima's Dance        Hex            #######.     0%          3    None
e - Dazzling Spray        Conj/Hex       #######.     0%          3    None
f - Mephitic Cloud        Conj/Pois/Air  #######.     1%          3    None
g - Freezing Cloud        Conj/Ice/Air   #######...   1%          6    None
h - Poisonous Cloud       Conj/Pois/Air  #######...   1%          6    None
i - Apportation           Tloc           #######...   0%          1    None
j - Invisibility          Hex            #######.     1%          6    None
k - Cause Fear            Hex            #######...   0%          4    None
l - Discord               Hex            #######...   4%          8    ####...
m - Deflect Missiles      Chrm/Air       #######...   2%          6    None
n - Repel Missiles        Chrm/Air       ######       1%          2    None
o - Passage of Golubria   Tloc           N/A          1%          4    None


Dungeon Overview and Level Annotations

Branches:
Dungeon (1/1)

Altars:
Cheibriados
Dithmenos
Elyvilon
Fedhas
Gozag
Kikubaaqudgha
Makhleb
Nemelex Xobeh
Okawaru
Qazlal
Ru
Sif Muna
Trog
Vehumet
Xom
Yredelemnul
Zin
The Shining One
Jiyva
Lugonu

Shops:
D =%[*[%::}:!**[%?:(=


Innate Abilities, Weirdness & Mutations

You are tiny and cannot use many weapons and most armour.
You have supernaturally acute eyesight.
You are a herbivore.
You cover ground extremely quickly.
You need consume almost no food.
You have large cloven feet.
Your mind is acute. (Int +2)
Your magical capacity is low (-10% MP).
You are resistant to hostile enchantments.
You are robust (+10% HP).
You can spit weak poison.


Message History

Unknown command.
You close the door.
You are engulfed in dark miasma.
You are more poisoned.
You feel extremely sick.
You are engulfed in dark miasma.
You are more poisoned.
You feel your flesh rotting away!
You feel ill.
You feel extremely sick.
You feel extremely sick.
* * * LOW HITPOINT WARNING * * *
You emit a cloud of dark smoke.
You feel extremely sick.
* * * LOW HITPOINT WARNING * * *
You feel very sick.
There is an open door here.
Unknown command.
* * * LOW HITPOINT WARNING * * *
You feel very sick.
You close the door.
You die...

♣♣♣##'###############.
♣♣♣♣♣♣♣♣♣♣♣♣♣♣#...'.≈≈§§##≈.≈§≈#.
.##≈≈≈≈≈≈..#§§#...#.§§§≈#§§≈#§§#.
#.#≈≈≈≈≈...#§§#...#.#§§≈##§##§≈#.
.##+≈≈≈≈§####+#####.#§§≈§###≈≈≈#.
...#≈≈..§..§.§#.....###≈§§§≈≈≈≈##
#..#≈..+#######.....#G#.§≈≈≈≈≈≈#%
####...#......#.....#+###≈≈≈§§≈#.
#......#♣♣♣._.#§@...# §§#.§≈§≈≈##
#+#############+#####§§§###§≈###.
▓≈≈≈≈≈≈≈≈≈≈≈≈▓#§§§§§+§§§§§#†##.#.
▓≈≈≈≈≈≈≈≈≈≈≈≈▓#§#############..+.
▓≈≈≈..≈≈≈≈≈..▓#.#...........+..##
▓≈≈....≈≈≈...▓#.#.......########.
▓≈≈≈..≈≈≈≈≈..▓#.#.....###.∩⌠⌠∩.#.
▓≈≈≈≈≈≈≈≈≈≈..▓#.#...###.#.∩⌠⌠∩.#.
▓≈≈≈≈≈≈≈≈≈≈≈.▓#.#.###...#.∩∩∩∩.#.


There were no monsters in sight!

Vanquished Creatures
  2 greater mummies (D)
  Boris (D)
  Frederick (D)
  2 liches (D)
  Rupert (D)
  A deep elf master archer (D)
  Frances (D)
  A quicksilver dragon (D)
  Polyphemus (D)
  Gastronok (D)
  Chuck (D)
  2 sphinxes (D)
  2 shadow dragons (D)
  A greater naga (D)
  Ilsuiw (D)
  4 azure jellies (D)
  Maud (D)
  A stone giant (D)
  2 deep elf demonologists (D)
  2 deep elf annihilators (D)
  Azrael (D)
  2 dire elephants (D)
  2 yaktaur captains (D)
  A vault guard (D)
  A fire dragon (D)
  4 mummy priests (D)
  2 deep elf high priests (D)
  2 hydras (D)
  A naga warrior (D)
  7 anacondas (D)
  3 centaur warriors (D)
  An ogre mage (D)
  Erica (D)
  4 dancing weapons (D)
  4 death yaks (D)
  An anaconda (shapeshifter) (D)
  An iron golem (D)
  A sea snake (D)
  4 hell knights (D)
  2 skeletal warriors (D)
  A deep elf knight (D)
  A golden dragon zombie (D)
  A death drake (D)
  An unseen horror (D)
  A lindwurm (D)
  A lindwurm (shapeshifter) (D)
  A deep elf summoner (D)
  A giant orange brain (shapeshifter) (D)
  An obsidian statue (D)
  A spriggan druid (D)
  A deep elf conjurer (D)
  8 ugly things (D)
  4 crystal guardians (D)
  A guardian serpent (D)
  2 elephants (D)
  A water nymph (shapeshifter) (D)
  4 statues (D)
  7 black mambas (D)
  An orange crystal statue (D)
  2 spiny frogs (D)
  3 yaktaurs (D)
  A komodo dragon (D)
  11 guardian mummies (D)
  A fire drake (D)
  3 deep elf priests (D)
  3 wandering mushrooms (D)
  4 spriggan defenders (D)
  A slime creature (D)
  5 orc high priests (D)
  A queen bee (D)
  8 blink frogs (D)
  2 spriggans (D)
  A shadow (D)
  3 redbacks (D)
  2 nagas (D)
  A spatial vortex (D)
  2 iron troll simulacra (D)
  4 water moccasins (D)
  A hydra simulacrum (D)
  An orc warrior (D)
  A swamp drake (D)
  A black mamba simulacrum (D)
  A necrophage (D)
  2 centaurs (D)
  An earth elemental (D)
  2 brain worms (D)
  A water elemental (D)
  32 killer bees (D)
  An electric eel (D)
  A jelly (D)
  2 orc priests (D)
  Crazy Yiuf (D)
  2 necromancers (D)
  6 orc wizards (D)
  2 polar bear simulacra (D)
  A wizard (D)
  3 sheep (D)
  3 humans (D)
  A kobold demonologist (D)
  5 adders (D)
  2 oozes (D)
  6 orcs (D)
  A kobold (D)
  2 rats (D)
  7 bushes (D)
  21 plants (D)
281 creatures vanquished.

Vanquished Creatures (collateral kills)
  A golden dragon (D)
  A titan (D)
  A shadow dragon (D)
  Wiglaf (D)
  A stone giant (D)
  A merfolk javelineer (D)
  9 vault guards (D)
  A skeletal warrior (D)
  A hill giant (shapeshifter) (D)
  An orc warrior (D)
  5 butterflies (D)
23 creatures vanquished.

Vanquished Creatures (others)
  A quicksilver dragon (shapeshifter) (D)
  A shadow dragon (D)
  A frost giant (D)
  2 draconian scorchers (D)
  6 vault guards (D)
  4 mummy priests (D)
  A dancing weapon (D)
  A skeletal warrior (D)
  3 yaktaurs (D)
  4 guardian mummies (D)
  A bush (D)
  5 plants (D)
30 creatures vanquished.

Grand Total: 334 creatures vanquished

Notes
Turn   | Place    | Note
--------------------------------------------------------------
     0 | D        | Kidiri the Spriggan Enchanter began the quest for the Orb.
     0 | D        | Reached XP level 1. HP: 9/9 MP: 5/5
    11 | D        | Reached skill level 5 in Stealth
    11 | D        | Reached XP level 2. HP: 13/13 MP: 5/7
    15 | D        | Learned a level 2 spell: Ensorcelled Hibernation
    56 | D        | Noticed Crazy Yiuf
    59 | D        | Killed Crazy Yiuf
    59 | D        | Reached skill level 1 in Armour
    59 | D        | Reached skill level 6 in Stealth
    59 | D        | Reached XP level 3. HP: 16/16 MP: 7/9
    67 | D        | Reached skill level 5 in Dodging
    67 | D        | Reached skill level 1 in Ice Magic
    84 | D        | Learned a level 3 spell: Confuse
    88 | D        | Learned a level 3 spell: Tukima's Dance
   151 | D        | Killed a yaktaur
   295 | D        | Gained mutation: Your body sometimes deteriorates upon taking damage. [potion of mutation]
   295 | D        | Gained mutation: Your spells are a little harder to cast, but a little more powerful. [potion of mutation]
   295 | D        | Gained mutation: You are clumsy. (Dex -2) [potion of mutation]
   296 | D        | Lost mutation: Your spells are a little harder to cast, but a little more powerful. [potion of cure mutation]
   296 | D        | Lost mutation: Your body sometimes deteriorates upon taking damage. [potion of cure mutation]
   296 | D        | Lost mutation: You are clumsy. (Dex -2) [potion of cure mutation]
   297 | D        | Gained mutation: Your magical capacity is low (-10% MP). [potion of mutation]
   297 | D        | Gained mutation: You can spit weak poison. [potion of mutation]
   297 | D        | Gained mutation: You are resistant to hostile enchantments. [potion of mutation]
   298 | D        | Gained mutation: Your mind is acute. (Int +2) [potion of mutation]
   298 | D        | Gained mutation: You have large cloven feet. [potion of mutation]
   298 | D        | Gained mutation: You are robust (+10% HP). [potion of mutation]
   317 | D        | Killed a white draconian scorcher
   326 | D        | Noticed a water elemental
   341 | D        | Killed a water elemental
   341 | D        | Reached skill level 7 in Stealth
   341 | D        | Reached skill level 5 in Spellcasting
   341 | D        | Reached skill level 5 in Hexes
   341 | D        | Reached XP level 4. HP: 23/23 MP: 9/11
   353 | D        | Killed a white draconian scorcher
   354 | D        | Learned a level 3 spell: Dazzling Spray
   363 | D        | Found a glowing silver altar of Zin.
   383 | D        | Noticed a jelly
   384 | D        | Noticed a shadow
   386 | D        | Killed a shadow
   386 | D        | Reached skill level 5 in Short Blades
   386 | D        | Reached skill level 8 in Dodging
   386 | D        | Reached skill level 9 in Stealth
   386 | D        | Reached skill level 1 in Conjurations
   386 | D        | Reached XP level 5. HP: 26/26 MP: 11/13
   386 | D        | Reached XP level 6. HP: 30/30 MP: 12/15
   390 | D        | Killed a jelly
   410 | D        | Found a stormy altar of Qazlal.
   411 | D        | Found a sacrificial altar of Ru.
   411 | D        | Found a burning altar of Makhleb.
   411 | D        | Found a viscous altar of Jiyva.
   411 | D        | Found a shimmering altar of Xom.
   411 | D        | Found a shadowy altar of Dithmenos.
   411 | D        | Found a sparkling altar of Nemelex Xobeh.
   411 | D        | Found a corrupted altar of Lugonu.
   411 | D        | Found an opulent altar of Gozag.
   411 | D        | Noticed a spatial vortex
   415 | D        | Became a worshipper of Dithmenos the Shadowed
   424 | D        | HP: 1/30 [spatial vortex (15)]
   736 | D        | Killed a spatial vortex
   736 | D        | Reached skill level 10 in Stealth
   736 | D        | Reached skill level 1 in Invocations
   860 | D        | Found a radiant altar of Vehumet.
   861 | D        | Found a deep blue altar of Sif Muna.
   861 | D        | Found an ancient bone altar of Kikubaaqudgha.
   861 | D        | Noticed a wizard
   862 | D        | Killed a wizard
   951 | D        | Found a glowing golden altar of the Shining One.
   951 | D        | Found a white marble altar of Elyvilon.
   951 | D        | Noticed a deep elf priest
   953 | D        | Killed a deep elf priest
   953 | D        | Reached skill level 11 in Stealth
   953 | D        | Reached XP level 7. HP: 35/35 MP: 18/18
   990 | D        | Found an iron altar of Okawaru.
   991 | D        | Found a bloodstained altar of Trog.
   991 | D        | Noticed a human
   991 | D        | Noticed a human
   993 | D        | Killed a human
   993 | D        | Reached skill level 10 in Dodging
   996 | D        | Killed a human
  1043 | D        | Found a basalt altar of Yredelemnul.
  1043 | D        | Found a snail-covered altar of Cheibriados.
  1043 | D        | Found a blossoming altar of Fedhas.
  1043 | D        | Noticed a necrophage
  1043 | D        | Noticed a necromancer
  1045 | D        | Killed a necrophage
  1045 | D        | Acquired Dithmenos's first power
  1045 | D        | Reached XP level 8. HP: 39/39 MP: 20/20
  1046 | D        | Killed a necromancer
  1100 | D        | Noticed Erica
  1125 | D        | Killed Erica
  1125 | D        | Reached skill level 12 in Stealth
  1125 | D        | Reached skill level 10 in Spellcasting
  1217 | D        | Noticed an earth elemental
  1220 | D        | Killed an earth elemental
  1225 | D        | Noticed a centaur
  1225 | D        | Noticed a centaur warrior
  1225 | D        | Noticed a centaur
  1227 | D        | Killed a centaur
  1227 | D        | Reached skill level 13 in Stealth
  1229 | D        | Killed a centaur warrior
  1229 | D        | Acquired Dithmenos's second power
  1229 | D        | Reached XP level 9. HP: 42/42 MP: 20/22
  1230 | D        | Killed a centaur
  1325 | D        | Noticed an unseen horror
  1327 | D        | Killed an unseen horror
  1327 | D        | Reached skill level 10 in Short Blades
  1327 | D        | Reached skill level 14 in Stealth
  1327 | D        | Reached skill level 5 in Ice Magic
  1327 | D        | Reached skill level 5 in Invocations
  1337 | D        | Noticed a killer bee
  1337 | D        | Noticed a killer bee
  1337 | D        | Noticed a killer bee
  1337 | D        | Noticed a killer bee
  1337 | D        | Noticed a killer bee
  1337 | D        | Noticed a queen bee
  1337 | D        | Noticed a killer bee
  1337 | D        | Noticed a killer bee
  1337 | D        | Noticed a killer bee
  1337 | D        | Noticed a killer bee
  1337 | D        | Noticed a killer bee
  1337 | D        | Noticed a killer bee
  1337 | D        | Noticed a killer bee
  1337 | D        | Noticed a killer bee
  1337 | D        | Noticed a killer bee
  1338 | D        | Noticed a killer bee
  1338 | D        | Noticed a killer bee
  1338 | D        | Noticed a killer bee
  1338 | D        | Noticed a killer bee
  1338 | D        | Noticed a killer bee
  1338 | D        | Noticed a killer bee
  1338 | D        | Noticed a killer bee
  1338 | D        | Noticed a killer bee
  1338 | D        | Noticed a killer bee
  1338 | D        | Noticed a killer bee
  1338 | D        | Noticed a killer bee
  1338 | D        | Noticed a killer bee
  1338 | D        | Noticed a killer bee
  1338 | D        | Noticed a killer bee
  1338 | D        | Noticed a killer bee
  1338 | D        | Noticed a killer bee
  1338 | D        | Noticed a killer bee
  1338 | D        | Noticed a killer bee
  1342 | D        | Killed a killer bee
  1344 | D        | Killed a killer bee
  1344 | D        | Acquired Dithmenos's third power
  1346 | D        | Killed a killer bee
  1348 | D        | Killed a killer bee
  1350 | D        | Killed a killer bee
  1352 | D        | Killed a killer bee
  1354 | D        | Killed a killer bee
  1357 | D        | Killed a killer bee
  1357 | D        | Acquired Dithmenos's fourth power
  1359 | D        | Killed a killer bee
  1576 | D        | Killed a killer bee
  1578 | D        | Killed a killer bee
  1580 | D        | Killed a killer bee
  1584 | D        | Killed a killer bee
  1584 | D        | Reached skill level 5 in Armour
  1586 | D        | Killed a killer bee
  1588 | D        | Killed a killer bee
  1590 | D        | Killed a killer bee
  1593 | D        | Killed a killer bee
  1593 | D        | Reached XP level 10. HP: 48/48 MP: 3/24
  1609 | D        | Killed a killer bee
  1799 | D        | Killed a killer bee
  1801 | D        | Killed a killer bee
  1804 | D        | Killed a killer bee
  1806 | D        | Killed a killer bee
  1808 | D        | Killed a killer bee
  1810 | D        | Killed a killer bee
  1812 | D        | Killed a killer bee
  1815 | D        | Killed a killer bee
  1817 | D        | Killed a killer bee
  1819 | D        | Killed a killer bee
  1821 | D        | Killed a killer bee
  1838 | D        | Killed a killer bee
  1844 | D        | Killed a killer bee
  1991 | D        | Killed a killer bee
  2009 | D        | Killed a queen bee
  2122 | D        | Noticed a wandering mushroom
  2123 | D        | Noticed a wandering mushroom
  2123 | D        | Noticed a wandering mushroom
  2124 | D        | Killed a wandering mushroom
  2124 | D        | Reached skill level 15 in Stealth
  2126 | D        | Killed a wandering mushroom
  2127 | D        | Killed a wandering mushroom
  2169 | D        | Noticed a spiny frog
  2169 | D        | Noticed a komodo dragon
  2169 | D        | Noticed a spiny frog
  2177 | D        | Killed a spiny frog
  2179 | D        | Killed a spiny frog
  2183 | D        | Killed a komodo dragon
  2259 | D        | Noticed a redback
  2261 | D        | Killed a redback
  2261 | D        | Reached skill level 5 in Conjurations
  2262 | D        | Noticed a brain worm
  2265 | D        | Killed a brain worm
  2270 | D        | Noticed a brain worm
  2272 | D        | Killed a brain worm
  2277 | D        | Noticed a lindwurm
  2282 | D        | Noticed a redback
  2283 | D        | Killed a lindwurm
  2285 | D        | Killed a redback
  2285 | D        | Reached skill level 16 in Stealth
  2319 | D        | Noticed a redback
  2319 | D        | Noticed Maud
  2322 | D        | Killed Maud
  2322 | D        | Reached skill level 15 in Dodging
  2322 | D        | Reached XP level 11. HP: 51/51 MP: 22/26
  2323 | D        | Killed a redback
  2500 | D        | Noticed an electric eel
  2501 | D        | Noticed a seven-headed hydra
  2501 | D        | Noticed a five-headed hydra
  2502 | D        | Killed an electric eel
  2504 | D        | Killed a seven-headed hydra
  2505 | D        | Killed a five-headed hydra
  2505 | D        | Reached skill level 10 in Hexes
  2544 | D        | Noticed a death drake
  2547 | D        | Killed a death drake
  2547 | D        | Reached skill level 17 in Stealth
  2557 | D        | Found a blossoming altar of Fedhas.
  2557 | D        | Noticed a spriggan
  2557 | D        | Noticed a spriggan druid
  2557 | D        | Noticed a spriggan
  2559 | D        | Killed a spriggan druid
  2560 | D        | Killed a spriggan
  2561 | D        | Killed a spriggan
  2591 | D        | Noticed Polyphemus
  2601 | D        | Killed Polyphemus
  2677 | D        | Noticed Ilsuiw
  2687 | D        | Killed Ilsuiw
  2687 | D        | Reached skill level 18 in Stealth
  2791 | D        | Found Cahugh's Antique Armour Emporium.
  2791 | D        | Found Afuomo's Food Shop.
  2791 | D        | Found Uddegufoe's Book Shoppe.
  2791 | D        | Noticed a sea snake
  2791 | D        | Noticed a merfolk javelineer
  2793 | D        | Killed a sea snake
  2815 | D        | Killed a merfolk javelineer
  2815 | D        | Reached XP level 12. HP: 28/56 MP: 15/28
  2877 | D        | Got a barnacled rune of Zot
  3203 | D        | Noticed a swamp drake
  3203 | D        | Noticed a fire drake
  3204 | D        | Killed a fire drake
  3206 | D        | Killed a swamp drake
  3213 | D        | Noticed a blink frog
  3213 | D        | Noticed a blink frog
  3214 | D        | Noticed a blink frog
  3214 | D        | Noticed a blink frog
  3214 | D        | Noticed a blink frog
  3215 | D        | Killed a blink frog
  3216 | D        | Killed a blink frog
  3228 | D        | Killed a blink frog
  3314 | D        | Killed a blink frog
  3316 | D        | Killed a blink frog
  3351 | D        | Killed a yaktaur
  3353 | D        | Noticed Rupert
  3355 | D        | Killed Rupert
  3355 | D        | Reached skill level 15 in Spellcasting
  3532 | D        | Noticed a death yak
  3533 | D        | Noticed a death yak
  3533 | D        | Noticed a blink frog
  3534 | D        | Noticed an azure jelly
  3534 | D        | Noticed a death yak
  3534 | D        | Noticed an azure jelly
  3534 | D        | Noticed a blink frog
  3534 | D        | Noticed a death yak
  3535 | D        | Killed a death yak
  3535 | D        | Reached skill level 19 in Stealth
  3536 | D        | Killed a blink frog
  3537 | D        | Killed a death yak
  3557 | D        | Killed a death yak
  3624 | D        | Noticed a blink frog
  3624 | D        | Noticed a black mamba
  3625 | D        | Noticed a black mamba
  3626 | D        | Killed a death yak
  3627 | D        | Killed a blink frog
  3628 | D        | Killed a blink frog
  3635 | D        | Killed a black mamba
  3636 | D        | Killed a black mamba
  3645 | D        | Noticed an azure jelly
  3645 | D        | Noticed an azure jelly
  3700 | D        | Noticed a black mamba
  3701 | D        | Noticed an anaconda
  3701 | D        | Noticed an anaconda
  3701 | D        | Noticed an anaconda
  3703 | D        | Noticed a water moccasin
  3704 | D        | Killed an anaconda
  3706 | D        | Killed an anaconda
  3707 | D        | Killed a black mamba
  3711 | D        | Killed an anaconda
  3714 | D        | Killed a water moccasin
  3764 | D        | Noticed a water moccasin
  3764 | D        | Noticed a black mamba
  3764 | D        | Noticed a black mamba
  3764 | D        | Noticed an anaconda
  3766 | D        | Killed a black mamba
  3766 | D        | Reached skill level 20 in Stealth
  3768 | D        | Killed an anaconda
  3769 | D        | Killed a water moccasin
  3772 | D        | Killed a black mamba
  3793 | D        | Noticed an anaconda
  3793 | D        | Noticed an anaconda
  3793 | D        | Noticed an anaconda
  3793 | D        | Noticed a black mamba
  3793 | D        | Noticed a black mamba
  3793 | D        | Noticed a water moccasin
  3793 | D        | Noticed a water moccasin
  3794 | D        | Killed an anaconda
  3794 | D        | Reached XP level 13. HP: 60/60 MP: 30/30
  3796 | D        | Killed an anaconda
  3799 | D        | Killed an anaconda
  3799 | D        | Reached skill level 15 in Short Blades
  3819 | D        | Killed a black mamba
  3823 | D        | Killed a water moccasin
  3893 | D        | Killed a black mamba
  3939 | D        | Killed a water moccasin
  3952 | D        | Noticed a naga
  3952 | D        | Noticed a naga
  3953 | D        | Noticed a naga warrior
  3953 | D        | Noticed a greater naga
  3953 | D        | Found Dutim's Jewellery Boutique.
  3953 | D        | Found Wivvya's Food Emporium.
  3954 | D        | Killed a naga
  3955 | D        | Killed a naga
  3956 | D        | Found Leme Axt's Antique Armour Shop.
  3957 | D        | Killed a greater naga
  3958 | D        | Killed a naga warrior
  3982 | D        | Noticed a guardian serpent
  3984 | D        | Killed a guardian serpent
  3985 | D        | Got a serpentine rune of Zot
  4339 | D        | Noticed an elephant
  4339 | D        | Noticed an elephant
  4339 | D        | Noticed a dire elephant
  4339 | D        | Noticed a dire elephant
  4339 | D        | Noticed Gastronok
  4368 | D        | Killed a dire elephant
  4368 | D        | Reached skill level 21 in Stealth
  4532 | D        | Killed Gastronok
  4723 | D        | Killed a dire elephant
  4873 | D        | Killed an elephant
  4876 | D        | Killed an elephant
  5185 | D        | Noticed Wiglaf
  5185 | D        | Noticed Frances
  5210 | D        | Killed Frances
  5222 | D        | Killed Wiglaf
  5491 | D        | Noticed an orc priest
  5491 | D        | Noticed an orc high priest
  5492 | D        | Noticed an orc high priest
  5492 | D        | Noticed an orc priest
  5493 | D        | Killed an orc priest
  5494 | D        | Killed an orc high priest
  5496 | D        | Killed an orc priest
  5497 | D        | Killed an orc high priest
  6003 | D        | Noticed an orange crystal statue
  6014 | D        | Killed an orange crystal statue
  6088 | D        | Found Tebiq's General Store.
  6088 | D        | Found Awnuwn's Food Shop.
  6088 | D        | Found Riupalli's Distillery.
  6088 | D        | Found Ufatan's Jewellery Shoppe.
  6088 | D        | Found Taqus's Assorted Antiques.
  6088 | D        | Found Zyizergh's Antique Armour Emporium.
  6088 | D        | Found Ficu's Book Shoppe.
  6088 | D        | Found Qicyrch's Antique Weapon Shop.
  6088 | D        | Found Ponony's Gadget Shop.
  6088 | D        | Found Huh Eler's Book Emporium.
  6088 | D        | Found Huuzir's Book Emporium.
  6088 | D        | Found Wuhod's Magic Scroll Boutique.
  6196 | D        | Noticed an orc high priest
  6197 | D        | Noticed an orc wizard
  6197 | D        | Noticed an orc wizard
  6197 | D        | Noticed an orc wizard
  6197 | D        | Noticed an orc high priest
  6197 | D        | Noticed an orc high priest
  6197 | D        | Noticed an orc warrior
  6197 | D        | Noticed an orc wizard
  6197 | D        | Noticed an orc wizard
  6197 | D        | Noticed an orc wizard
  6197 | D        | Noticed an orc warrior
  6197 | D        | Found Nyrosodd's General Store.
  6198 | D        | Killed an orc high priest
  6200 | D        | Killed an orc wizard
  6201 | D        | Killed an orc high priest
  6205 | D        | Killed an orc high priest
  6205 | D        | Reached skill level 22 in Stealth
  6205 | D        | Killed an orc wizard
  6219 | D        | Killed an orc wizard
  6223 | D        | Killed an orc wizard
  6224 | D        | Killed an orc wizard
  6226 | D        | Killed an orc warrior
  6229 | D        | Killed an orc wizard
  6238 | D        | Killed an orc warrior
  6445 | D        | Bought a scroll of enchant weapon for 75 gold pieces
  6445 | D        | Bought a potion of heal wounds for 50 gold pieces
  6528 | D        | Bought a book of Clouds for 630 gold pieces
  6532 | D        | Learned a level 3 spell: Mephitic Cloud
  6539 | D        | Learned a level 6 spell: Freezing Cloud
  6546 | D        | Learned a level 6 spell: Poisonous Cloud
  6872 | D        | Noticed a spriggan defender
  6873 | D        | Noticed a spriggan defender
  6873 | D        | Noticed a spriggan defender
  6873 | D        | Noticed a spriggan defender
  6874 | D        | Killed a spriggan defender
  6875 | D        | Killed a spriggan defender
  6877 | D        | Killed a spriggan defender
  6878 | D        | Killed a spriggan defender
  7091 | D        | Noticed a centaur warrior
  7094 | D        | Killed a centaur warrior
  7094 | D        | Reached skill level 1 in Poison Magic
  7107 | D        | Noticed an anaconda
  7109 | D        | Killed an anaconda
  7109 | D        | Reached skill level 1 in Air Magic
  7121 | D        | Noticed a red ugly thing
  7122 | D        | Noticed a fire dragon
  7123 | D        | Killed a red ugly thing
  7126 | D        | Killed a fire dragon
  7134 | D        | Noticed a lindwurm
  7135 | D        | Noticed a centaur warrior
  7137 | D        | Killed a centaur warrior
  7145 | D        | Killed a lindwurm
  7145 | D        | Reached XP level 14. HP: 64/64 MP: 33/33
  7167 | D        | Noticed a giant orange brain
  7169 | D        | Killed a giant orange brain
  7184 | D        | Noticed a hand axe of venom
  7184 | D        | Noticed a scimitar of flaming
  7184 | D        | Noticed a battleaxe of venom
  7185 | D        | Noticed a halberd of protection
  7186 | D        | Killed a scimitar of flaming
  7188 | D        | Killed a halberd of protection
  7190 | D        | Killed a hand axe of venom
  7192 | D        | Killed a battleaxe of venom
  7476 | D        | Bought a slimy robe for 102 gold pieces
  7476 | D        | Bought a heavily jewelled robe for 102 gold pieces
  7486 | D        | Identified the +2 robe of the Other World {Int+3 Dex+2} (You bought it in a shop in the Dungeon)
  7496 | D        | Identified the cursed +0 robe of Protective Custody {rC+ Regen+} (You bought it in a shop in the Dungeon)
  7517 | D        | Noticed a crystal guardian
  7517 | D        | Noticed a crystal guardian
  7517 | D        | Noticed a crystal guardian
  7517 | D        | Noticed a crystal guardian
  7518 | D        | Killed a crystal guardian
  7521 | D        | Killed a crystal guardian
  7524 | D        | Killed a crystal guardian
  7527 | D        | Killed a crystal guardian
  7575 | D        | Noticed a brown ugly thing
  7575 | D        | Noticed a white ugly thing
  7575 | D        | Noticed a cyan ugly thing
  7578 | D        | Noticed a yaktaur captain
  7578 | D        | Noticed a white ugly thing
  7578 | D        | Noticed a slime creature
  7579 | D        | Killed a brown ugly thing
  7581 | D        | Killed a cyan ugly thing
  7586 | D        | Killed a white ugly thing
  7596 | D        | Killed a slime creature
  7598 | D        | Killed a white ugly thing
  7598 | D        | Reached skill level 23 in Stealth
  7632 | D        | Killed a yaktaur captain
  7821 | D        | Noticed Chuck
  7822 | D        | Noticed a white ugly thing
  7831 | D        | Killed Chuck
  7943 | D        | Killed a white ugly thing
  8012 | D        | Bought a book of Cantrips for 280 gold pieces
  8014 | D        | Learned a level 1 spell: Apportation
  8089 | D        | Got a warped jade ring
  8092 | D        | Identified a scroll of acquirement
  8093 | D        | Identified the ring of Quraz {Wiz -Tele rN+++ MP+9 Dex-2} (You found it in the Dungeon)
  8095 | D        | Got a fine dagger
  8096 | D        | Identified the +10 dagger "Dak Intam" {pierce, rElec rN+ Int+2} (You acquired it in the Dungeon)
  8370 | D        | Noticed a cyan ugly thing
  8371 | D        | Noticed Frederick
  8372 | D        | Killed a cyan ugly thing
  8373 | D        | Noticed a water nymph
  8375 | D        | Killed Frederick
  8376 | D        | Killed a water nymph
  8405 | D        | Noticed a lich
  8408 | D        | Killed a lich
  8408 | D        | Reached skill level 10 in Ice Magic
  8417 | D        | Noticed a brown ugly thing
  8420 | D        | Killed a brown ugly thing
  8420 | D        | Reached skill level 5 in Poison Magic
  8422 | D        | Noticed a shadow dragon
  8422 | D        | Noticed an ogre mage
  8422 | D        | Noticed a shadow dragon
  8423 | D        | Killed a shadow dragon
  8425 | D        | Killed a shadow dragon
  8426 | D        | Killed an ogre mage
  8792 | D        | Noticed an obsidian statue
  8807 | D        | Killed an obsidian statue
  9025 | D        | Noticed a skeletal warrior
  9026 | D        | Noticed an iron golem
  9027 | D        | Killed a skeletal warrior
  9027 | D        | Reached skill level 24 in Stealth
  9028 | D        | Killed an iron golem
  9028 | D        | Reached skill level 5 in Translocations
  9043 | D        | Noticed a necromancer
  9046 | D        | Killed a necromancer
  9058 | D        | Noticed a hell knight
  9058 | D        | Noticed a hell knight
  9059 | D        | Noticed a hell knight
  9059 | D        | Noticed a hell knight
  9060 | D        | Killed a hell knight
  9060 | D        | Reached skill level 5 in Air Magic
  9061 | D        | Killed a hell knight
  9068 | D        | Killed a hell knight
  9070 | D        | Killed a hell knight
  9086 | D        | Noticed a lich
  9088 | D        | Killed a lich
  9113 | D        | Noticed a sphinx
  9113 | D        | Noticed a sphinx
  9114 | D        | Noticed a mummy priest
  9114 | D        | Noticed a guardian mummy
  9115 | D        | Killed a sphinx
  9115 | D        | Reached XP level 15. HP: 69/69 MP: 35/35
  9116 | D        | Killed a sphinx
  9116 | D        | Reached skill level 10 in Armour
  9150 | D        | Killed a guardian mummy
  9341 | D        | Killed a mummy priest
  9391 | D        | Noticed a guardian mummy
  9391 | D        | Noticed a mummy priest
  9392 | D        | Noticed a guardian mummy
  9393 | D        | Killed a mummy priest
  9394 | D        | Killed a guardian mummy
  9515 | D        | Killed a guardian mummy
  9535 | D        | Noticed a guardian mummy
  9535 | D        | Noticed a guardian mummy
  9535 | D        | Noticed a guardian mummy
  9535 | D        | Noticed a mummy priest
  9548 | D        | Killed a guardian mummy
  9575 | D        | Killed a mummy priest
  9576 | D        | Killed a guardian mummy
  9577 | D        | Killed a guardian mummy
  9608 | D        | Noticed a mummy priest
  9609 | D        | Noticed a guardian mummy
  9610 | D        | Killed a mummy priest
  9756 | D        | Killed a guardian mummy
 10053 | D        | Noticed a deep elf summoner
 10053 | D        | Noticed a deep elf knight
 10053 | D        | Noticed a deep elf priest
 10053 | D        | Noticed a deep elf conjurer
 10053 | D        | Noticed a deep elf priest
 10062 | D        | Killed a deep elf conjurer
 10071 | D        | Killed a deep elf knight
 10076 | D        | Killed a deep elf priest
 10078 | D        | Killed a deep elf priest
 10083 | D        | Killed a deep elf summoner
 10083 | D        | Reached skill level 15 in Hexes
 10295 | D        | Noticed a deep elf high priest
 10298 | D        | Noticed a deep elf demonologist
 10299 | D        | Noticed a deep elf annihilator
 10300 | D        | Killed a deep elf high priest
 10300 | D        | Reached skill level 25 in Stealth
 10411 | D        | Noticed a deep elf master archer
 10414 | D        | Noticed a deep elf demonologist
 10414 | D        | Noticed a deep elf high priest
 10419 | D        | Noticed a deep elf annihilator
 10420 | D        | Killed a deep elf master archer
 10654 | D        | Killed a deep elf annihilator
 10657 | D        | Killed a deep elf demonologist
 10660 | D        | Killed a deep elf high priest
 10660 | D        | Reached skill level 10 in Conjurations
 10757 | D        | Got a faintly humming ring mail
 10872 | D        | Killed a deep elf annihilator
 10982 | D        | Killed a deep elf demonologist
 10984 | D        | Got a scorched platinum ring
 11023 | D        | Identified the Catalogue of Confrontation and Calling
 11034 | D        | Identified the Papyrus of the Entourage and the Glacier
 11074 | D        | Identified the ring "Xeuni" {Ice *Corrode MR+++ Int-5 Slay+2} (You took it off a deep elf demonologist in the Dungeon)
 11134 | D        | Learned a level 6 spell: Invisibility
 11185 | D        | Learned a level 4 spell: Cause Fear
 11194 | D        | Learned a level 8 spell: Discord
 11201 | D        | Learned a level 6 spell: Deflect Missiles
 11256 | D        | Noticed a yaktaur captain
 11256 | D        | Noticed a yaktaur
 11256 | D        | Noticed a yaktaur
 11257 | D        | Noticed a yaktaur
 11258 | D        | Killed a yaktaur captain
 11263 | D        | Killed a yaktaur
 11269 | D        | Killed a yaktaur
 11270 | D        | Killed a yaktaur
 11270 | D        | Reached skill level 1 in Charms
 11277 | D        | Killed a yaktaur
 11289 | D        | Noticed Azrael
 11291 | D        | Killed Azrael
 11407 | D        | Learned a level 2 spell: Repel Missiles
 11408 | D        | Got a glittering lapis lazuli ring
 11409 | D        | Identified the ring of Perfectionism {+Fly MR+ Int+2 SInv Stlth-} (You acquired it in the Dungeon)
 12007 | D        | Noticed a stone giant
 12007 | D        | Noticed a vault guard
 12007 | D        | Noticed a vault guard
 12008 | D        | Noticed an anaconda
 12008 | D        | Noticed a shadow dragon
 12008 | D        | Noticed a vault guard
 12008 | D        | Noticed a vault guard
 12008 | D        | Noticed a frost giant
 12008 | D        | Noticed a vault guard
 12008 | D        | Noticed a vault guard
 12008 | D        | Noticed a skeletal warrior
 12008 | D        | Noticed a quicksilver dragon
 12008 | D        | Noticed a vault guard
 12008 | D        | Noticed a vault guard
 12008 | D        | Noticed a skeletal warrior
 12008 | D        | Noticed a stone giant
 12008 | D        | Noticed a vault guard
 12008 | D        | Noticed a vault guard
 12008 | D        | Noticed a titan
 12008 | D        | Noticed a vault guard
 12008 | D        | Noticed a vault guard
 12008 | D        | Noticed a golden dragon
 12008 | D        | Noticed a vault guard
 12008 | D        | Noticed a vault guard
 12008 | D        | Noticed a shadow dragon
 12008 | D        | Noticed a vault guard
 12008 | D        | Noticed a vault guard
 12009 | D        | an anaconda changed into a death yak
 12011 | D        | Killed a vault guard
 12011 | D        | Killed a vault guard
 12012 | D        | Killed a vault guard
 12012 | D        | Killed a vault guard
 12013 | D        | Killed a vault guard
 12013 | D        | Killed a vault guard
 12013 | D        | Killed a vault guard
 12013 | D        | Killed a frost giant
 12015 | D        | Killed a skeletal warrior
 12015 | D        | Killed a vault guard
 12016 | D        | Killed a vault guard
 12016 | D        | Killed a shadow dragon
 12016 | D        | Killed a vault guard
 12017 | D        | Killed a quicksilver dragon
 12017 | D        | Killed a vault guard
 12017 | D        | Killed a vault guard
 12017 | D        | Killed a skeletal warrior
 12018 | D        | Killed a titan
 12018 | D        | Reached skill level 10 in Translocations
 12019 | D        | Killed a shadow dragon
 12019 | D        | Reached skill level 26 in Stealth
 12019 | D        | Killed a quicksilver dragon
 12020 | D        | Killed a vault guard
 12020 | D        | Killed a stone giant
 12021 | D        | Killed a vault guard
 12023 | D        | Killed a golden dragon
 12023 | D        | Killed a vault guard
 12028 | D        | Killed a stone giant
 12199 | D        | Killed a vault guard
 12199 | D        | Reached skill level 5 in Charms
 12202 | D        | Got a silver rune of Zot
 12216 | D        | Got a crude dagger
 12218 | D        | Got a shimmering spear
 12843 | D        | Identified the +7 dagger of Putrescence {drain, *Noise +Rage Str+5} (You found it in the Dungeon)
 13616 | D        | Noticed a polar bear simulacrum
 13616 | D        | Noticed an eight-headed hydra simulacrum
 13617 | D        | Noticed a black mamba simulacrum
 13617 | D        | Noticed a polar bear simulacrum
 13618 | D        | Killed an eight-headed hydra simulacrum
 13619 | D        | Killed a polar bear simulacrum
 13622 | D        | Killed a polar bear simulacrum
 13623 | D        | Killed a black mamba simulacrum
 13801 | D        | Killed an azure jelly
 13803 | D        | Killed an azure jelly
 13867 | D        | Killed an azure jelly
 13872 | D        | Killed an azure jelly
 14194 | D        | Noticed a guardian mummy
 14194 | D        | Noticed a guardian mummy
 14194 | D        | Noticed a mummy priest
 14194 | D        | Noticed a guardian mummy
 14194 | D        | Noticed a guardian mummy
 14194 | D        | Noticed a mummy priest
 14194 | D        | Noticed a guardian mummy
 14194 | D        | Noticed a guardian mummy
 14194 | D        | Noticed a guardian mummy
 14195 | D        | Noticed a greater mummy
 14195 | D        | Noticed a mummy priest
 14195 | D        | Noticed a greater mummy
 14195 | D        | Noticed a guardian mummy
 14195 | D        | Noticed a mummy priest
 14196 | D        | Killed a guardian mummy
 14203 | D        | Killed a guardian mummy
 14206 | D        | Killed a guardian mummy
 14211 | D        | Killed a mummy priest
 14229 | D        | Killed a guardian mummy
 14462 | D        | Killed a mummy priest
 14511 | D        | Killed a guardian mummy
 14535 | D        | Killed a guardian mummy
 14535 | D        | Reached XP level 16. HP: 73/73 MP: 38/38
 14547 | D        | Killed a guardian mummy
 14558 | D        | Killed a mummy priest
 14566 | D        | Killed a guardian mummy
 14862 | D        | Killed a greater mummy
 15171 | D        | Killed a mummy priest
 15410 | D        | Killed a greater mummy
 15414 | D        | Got a golden rune of Zot
 15417 | D        | Identified the Catalogue of Displacement
 15422 | D        | Identified Borgnjor's Incunabulum of Darkness
 15426 | D        | Identified the Grimoire of Captivating Companions
 15430 | D        | Got a dazzling dagger
 15688 | D        | Identified the +6 dagger of Wealth {pierce, +Inv Int-2 Dex+4} (You found it in the Dungeon)
 15721 | D        | Learned a level 4 spell: Passage of Golubria
 15762 | D        | Got a distressingly furry buckler
 15768 | D        | Identified the +1 buckler of Bisus {rF+} (You acquired it in the Dungeon)
 15773 | D        | Got a pitted iron amulet
 15775 | D        | Identified the amulet "Dedies Javiu" {Spirit Str+2} (You acquired it in the Dungeon)
 15777 | D        | Got a wavering bronze ring
 15779 | D        | Identified the ring "Wosch" {MP+9 Int+4 Dex+2 SInv} (You acquired it in the Dungeon)
 16034 | D        | Noticed a fire elementalist statue
 16034 | D        | Noticed a water elementalist statue
 16034 | D        | Noticed an earth elementalist statue
 16034 | D        | Noticed an air elementalist statue
 16255 | D        | Killed a water elementalist statue
 16260 | D        | Killed an air elementalist statue
 16264 | D        | Killed a fire elementalist statue
 16264 | D        | Reached skill level 1 in Shields
 16284 | D        | Killed an earth elementalist statue
 16382 | D        | Noticed a stone giant skeleton
 16382 | D        | Noticed an iron troll simulacrum
 16383 | D        | Noticed an iron troll simulacrum
 16383 | D        | Noticed Boris
 16383 | D        | Noticed a golden dragon zombie
 16383 | D        | Noticed a four-headed hydra simulacrum
 16384 | D        | Killed an iron troll simulacrum
 16385 | D        | Killed a golden dragon zombie
 16701 | D        | Killed an iron troll simulacrum
 16701 | D        | Reached skill level 27 in Stealth
 16817 | D        | Noticed a skeletal warrior
 17333 | D        | Killed Boris
 17578 | D        | Killed a skeletal warrior
 17745 | D        | Succumbed to poison (dark miasma)

Vault maps used:
D:        dungeon_sprint_mu

Action                   |  1- 3 |  4- 6 |  7- 9 | 10-12 | 13-15 | 16-18 || total
-------------------------+-------+-------+-------+-------+-------+-------++-------
Melee: Dagger            |    17 |    18 |     2 |       |    88 |   134 ||   259
       Short sword       |       |       |    31 |   164 |  1000 |       ||  1195
       Rapier            |       |       |       |       |   163 |       ||   163
Throw: Throwing net      |       |       |       |       |     3 |     3 ||     6
 Cast: Ensorcelled Hiber |     1 |       |    26 |    42 |    21 |     1 ||    91
       Corona            |     1 |       |       |       |       |       ||     1
       Dazzling Spray    |       |    10 |     4 |    25 |   154 |    53 ||   246
       Confuse           |       |       |     1 |       |     8 |     4 ||    13
       Tukima's Dance    |       |       |       |     2 |     9 |       ||    11
       Apportation       |       |       |       |       |    23 |       ||    23
       Freezing Cloud    |       |       |       |       |     6 |     6 ||    12
       Mephitic Cloud    |       |       |       |       |     1 |       ||     1
       Discord           |       |       |       |       |     8 |     5 ||    13
       Invisibility      |       |       |       |       |     1 |       ||     1
       Poisonous Cloud   |       |       |       |       |     1 |       ||     1
       Deflect Missiles  |       |       |       |       |     1 |       ||     1
Invok: Shadow Step       |       |       |       |    13 |    24 |       ||    37
  Use: Potion            |     5 |       |       |     2 |     4 |     4 ||    15
       Scroll            |     1 |       |       |       |    11 |     5 ||    17
 Stab: Sleeping          |     5 |     5 |    24 |    63 |    78 |     2 ||   177
       Confused          |       |       |     2 |       |     2 |       ||     4
       Invisible         |       |       |     1 |     2 |    15 |       ||    18
       Distracted        |       |       |       |       |     1 |     1 ||     2
       Held in net/web   |       |       |       |       |     3 |     3 ||     6
  Eat: Bread ration      |       |       |       |     1 |       |       ||     1
       Royal jelly       |       |       |       |       |     5 |     3 ||     8
